 Dungeon Crawl Stone Soup version 0.28.0-45-g0d030f2227 (webtiles) character file.

Game seed: 9541535731707119513

21 zeratav the Insei (level 2, 0/18 HPs)
             Began as an Octopode Transmuter on Apr 5, 2022.
             Frozen to death by an endoplasm (2 damage)
             ... on level 1 of the Dungeon.
             The game lasted 00:01:02 (482 turns).

zeratav the Insei (Octopode Transmuter)              Turns: 482, Time: 00:01:02

Health: 0/18       AC:  1    Str:  9    XL:     2   Next: 87%
Magic:  5/5        EV: 13    Int: 15    God:
Gold:   0          SH:  0    Dex: 12    Spells: 4/5 levels left

rFire   . . .      SeeInvis .   b - +0 short sword
rCold   . . .      Faith    .   (no shield)
rNeg    . . .      Spirit   .   (helmet currently unavailable)
rPois   .          Reflect  .   (no amulet)
rElec   .          Harm     .   (no ring)
rCorr   .          Rampage  .   (no ring)
Will    .....                   (no ring)
Stlth   ++........              (no ring)
HPRegen 0.06/turn               (no ring)
MPRegen 0.09/turn               (no ring)
                                (no ring)
                                (no ring)

@: appendages (expiring)
A: tentacle spike 3, almost no armour, amphibious, 8 rings, camouflage 1,
gelatinous body 1, (nimble swimmer 1), tentacles
a: End Transformation


You were on level 1 of the Dungeon.
One of your tentacles had grown a beastly spike.
You visited 1 branch of the dungeon, and saw 1 of its levels.

Inventory:

Hand Weapons
 b - a +0 short sword (weapon)
Scrolls
 a - a scroll of teleportation {unknown}
Potions
 c - a potion of degeneration {unknown}


   Skills:
 * Level 1.5 Fighting
 + Level 2.2 Dodging
 * Level 3.3 Unarmed Combat
 + Level 2.1 Spellcasting
 + Level 2.2 Transmutations


You had 4 spell levels left.
You knew the following spells:

 Your Spells              Type           Power      Damage    Failure   Level
a - Beastly Appendage     Tmut           16%        N/A       9%          1

Your spell library contained the following spells:

 Spells                   Type           Power      Damage    Failure   Level
 Wereblood                Tmut           8%         N/A       14%         2
 Spider Form              Tmut/Pois      4%         N/A       38%         3
 Ice Form                 Ice/Tmut       4%         N/A       80%         4


Dungeon Overview and Level Annotations

Branches:
Dungeon (1/15)

Altars:


Innate Abilities, Weirdness & Mutations

One of your tentacles has grown a beastly spike.
You cannot wear most types of armour.
You are amphibious.
You can wear up to eight rings at the same time.
Your skin changes colour to match your surroundings (Stealth+).
Your rubbery body absorbs attacks. (AC +1, EV +1)
((You are camouflaged when in or above water. (Stealth+)))
You have tentacles for arms and can constrict up to eight enemies at once.


Message History

One of your tentacles grows a vicious spike.
The gnoll shouts!
You hear a shout!
The gnoll hits you with a +0 club.
A goblin comes into view. It is wielding a +0 club.
You hit the gnoll but do no damage. Your grab misses the gnoll.
You squeeze the gnoll.
The gnoll is lightly wounded.
An endoplasm comes into view.
The gnoll hits you with a +0 club.
The endoplasm quivers.
You hit the gnoll but do no damage. You grab the gnoll. You squeeze the gnoll.
The gnoll is heavily wounded.
You constrict the gnoll, but do no damage.
The gnoll hits you with a +0 club.
You are too injured to fight recklessly!
You are too injured to fight recklessly!
You are too injured to fight recklessly!
You are too injured to fight recklessly!
You are too injured to fight recklessly!
You are too injured to fight recklessly!
You are too injured to fight recklessly!
You are too injured to fight recklessly!
You are too injured to fight recklessly!
You are too injured to fight recklessly!
You are too injured to fight recklessly!
You hit the gnoll. You squeeze the gnoll.
The gnoll is severely wounded.
Your transformation is almost over.
You constrict the gnoll. The gnoll closely misses you.
You hit the gnoll.
You pierce the gnoll.
You kill the gnoll!
The goblin hits you with a +0 club.
* * * LOW HITPOINT WARNING * * *
Things that are here:
a +0 club; a gnoll corpse You closely miss the goblin.
You grab the goblin.
You pierce the goblin.
You kill the goblin!
The endoplasm freezes you.
You are frozen.
You die...

....######.######
.#.##8^. #.#..^.#
.+..###.##_##.###
.####...........# .#
#.#.......#^# ##
#.^.......^8########
####.....####.......
# #....#..##..)# ###
............@#
..##.....#.##...J#
≈≈.#.............#
≈..#.###.#....#..#
..# ..........## ##
###......... #
#..##......... ##
#....#......###$
.###....#


You could see an endoplasm.

Vanquished Creatures
  A gnoll (D:1)
  A ball python (D:1)
  2 giant cockroaches (D:1)
  3 goblins (D:1)
  A hobgoblin (D:1)
  2 frilled lizards (D:1)
  A kobold (D:1)
  A rat (D:1)
12 creatures vanquished.

Notes
Turn   | Place    | Note
-------+----------+-------------------------------------------
     0 | D:1      | zeratav the Octopode Transmuter began the quest for the
                  | Orb.
     0 | D:1      | Reached XP level 1. HP: 13/13 MP: 3/3
   340 | D:1      | Reached XP level 2. HP: 18/18 MP: 3/5
   445 | D:1      | Found a faded altar of an unknown god.
   482 | D:1      | Frozen to death by an endoplasm

Illustrated notes

Levels and vault maps discovered:
D:1:      shiori_arrival_elements, layout_basic,
          shapermc_ecumenical_altar_mp_highgroup,
          corexii_item_surrounded_by_moat, minmay_tetromino_t2

Action                   || total
-------------------------++-------
Melee: Short sword       ||    16
       Constrict         ||     8
       Kick              ||     6
       Unarmed           ||     2
       Tentacles         ||     6
 Cast: Beastly Appendage ||     8
Armor: Skin              ||     1
Dodge: Dodged            ||     7
